 Dungeon Crawl Stone Soup version 0.18.1-50-g88ac8fd (webtiles) character file.

3700 magog001 the Protected (level 9, -6/121 HPs)
             Began as a Minotaur Fighter on Oct 8, 2017.
             Mangled by Erica
             ... wielding a +4 scimitar of flaming
              (13 damage)
             ... on level 8 of the Dungeon on Oct 15, 2017.
             The game lasted 00:44:10 (8559 turns).

magog001 the Protected (Minotaur Fighter)           Turns: 8559, Time: 00:44:11

Health: -6/121     AC: 11    Str: 33    XL:     9   Next: 91%
Magic:  8/8        EV:  4    Int: 11    God:
Gold:   138        SH: 10    Dex: 10    Spells: 0 memorised, 8 levels left

rFire  . . .     SeeInvis .     I - +3 flail
rCold  . . .     Gourm    .     z - +0 plate armour
rNeg   . . .     Faith    .     c - +1 shield
rPois  .         Spirit   .     (helmet restricted)
rElec  .         Dismiss  .     k - +0 cloak
rCorr  .         Reflect  .     (no gloves)
SustAt .         Harm     .     (no boots)
MR     .....                    (no amulet)
Stlth  ..........               G - +4 ring of strength
                                g - +6 ring of intelligence

@: berserking, very heavily drained, very quick, not resistant to hostile
enchantments, extremely unstealthy
A: retaliatory headbutt, horns 2
a: no special abilities


You were on level 8 of the Dungeon.
You were not hungry.

You visited 1 branch of the dungeon, and saw 8 of its levels.

You collected 252 gold pieces.
You spent 114 gold pieces at shops.

Inventory:

Hand Weapons
 a - a +0 war axe
 I - a +3 flail (weapon)
Missiles
 i - 214 stones (quivered)
 u - 39 sling bullets
 C - 3 tomahawks
 E - 6 poisoned needles
Armour
 c - a +1 shield (worn)
 k - a +0 cloak (worn)
 z - a +0 plate armour (worn)
Jewellery
 g - a +6 ring of intelligence (left hand)
 o - an uncursed ring of see invisible
 G - a +4 ring of strength (right hand)
Wands
 h - a wand of slowing (29/48)
 w - a wand of paralysis (8/24)
Scrolls
 d - a scroll of recharging
 e - 2 scrolls of identify
 l - a scroll of fog
 m - a scroll of remove curse
 v - a scroll of teleportation
Potions
 f - a potion of brilliance
 j - a potion of ambrosia
 q - a potion of flight
 s - a potion of haste
 A - a potion of agility
 D - a potion of curing {unknown}
Books
 y - a book of Maledictions

   Spells                             Type                      Level
   a - Corona                         Hexes                        1
   b - Ensorcelled Hibernation        Hexes/Ice                    2
   c - Confuse                        Hexes                        3
   d - Tukima's Dance                 Hexes                        3
   e - Dazzling Spray                 Conjuration/Hexes            3
Comestibles
 b - a meat ration
 p - 6 bread rations
 r - 2 slices of pizza


   Skills:
 * Level 8.1(0.1) Fighting
 - Level 5.5(0.0) Axes
 + Level 1.7(0.0) Maces & Flails
 * Level 4.2(0.0) Throwing
 * Level 10.0(1.5) Armour
 + Level 3.7(0.0) Dodging
 + Level 1.9(0.0) Stealth
 * Level 8.9(0.6) Shields
 + Level 0.1(0.0) Evocations


You had 8 spell levels left.
You didn't know any spells.

Dungeon Overview and Level Annotations

Branches:
Dungeon (8/15)             Temple (0/1) D:6
   Lair: D:8-11

Altars:
Ashenzari
Dithmenos
Fedhas
Gozag
Makhleb
Pakellas
Ru
Yredelemnul

Shops:
D:4 %   D:5 %

Annotations:
D:8 Erica


Innate Abilities, Weirdness & Mutations

You reflexively headbutt those who attack you in melee.
You have a pair of horns on your head.


Message History

You block the orb of energy.
The orb of energy explodes!
Something hits you! Something burns you.
You closely miss something. Something hits you! Something burns you.
Something hits you but does no damage.
You closely miss something. Your headbutt misses something. Something hits you!
* * * LOW HITPOINT WARNING * * *
Something burns you.
* * * LOW HITPOINT WARNING * * *
You hear some strange, mumbled words.
An orb of energy appears from out of thin air!
The orb of energy hits you!
* * * LOW HITPOINT WARNING * * *
The orb of energy explodes!
Drink which item? (? for menu, Esc to quit)
A red film seems to cover your vision as you go berserk!
You feel yourself moving faster!
You feel mighty! You block something's attack.
You miss something. Your headbutt misses something.
You block something's attack.
You miss something. Something hits you!
You die...

#...≈≈≈≈.#
......≈.##
....≈.≈.'. .......#
.......# #.._..#
#.....# ###{....#
#.@....## ######
#.####.....#....#
#.# #####.##.# #.#
#.##.# ##'## #.##.#
#...#########.##.#
#...<.........##.#
#...############.##
##................#


There were no monsters in sight!

Vanquished Creatures
  The ghost of magog001 the Slinger, a novice HaHu (D:7)
  Pikel (D:4)
  A spriggan (D:8)
  A hungry ghost (D:4)
  A slave (D:4)
  An orc warrior (D:6)
  A sky beast (D:7)
  An ice beast (D:6)
  A wasp (D:7)
  4 ogres
  2 centaurs
  A giant frog (D:7)
  A water moccasin zombie (D:6)
  2 scorpions
  5 wights (D:8)
  2 howler monkeys
  5 crimson imps
  A quasit (D:7)
  4 jellies
  A giant frog zombie (D:7)
  A giant frog skeleton (D:7)
  2 orc priests
  A gnoll shaman (D:8)
  A hound (D:7)
  A centaur skeleton (D:4)
  Natasha (twice) (D:4)
  3 worker ants
  2 iguanas
  5 orc wizards
  A hound zombie (D:7)
  A howler monkey zombie (D:8)
  Robin (D:3)
  3 gnolls
  6 adders
  2 shadow imps
  2 adder skeletons
  6 worms
  4 giant geckos
  23 orcs
  6 giant cockroaches
  10 goblins
  9 hobgoblins
  6 jackals
  11 kobolds
  5 quokkas
  7 bats
  A giant gecko skeleton (D:4)
  9 giant newts
  5 rats
173 creatures vanquished.

Vanquished Creatures (others)
  A hound (D:4)
  Natasha (D:4)
  An orc wizard (D:4)
  A worm (D:4)
  4 orcs (D:4)
  A giant cockroach (D:4)
9 creatures vanquished.

Grand Total: 182 creatures vanquished

Notes
Turn   | Place    | Note
--------------------------------------------------------------
     0 | D:1      | magog001 the Minotaur Fighter began the quest for the Orb.
     0 | D:1      | Reached XP level 1. HP: 19/19 MP: 0/0
   175 | D:1      | You fall through a shaft!
   193 | D:2      | Reached XP level 2. HP: 12/27 MP: 1/1
   612 | D:2      | Reached skill level 4 in Armour
   674 | D:2      | Reached XP level 3. HP: 20/33 MP: 2/2
  1153 | D:2      | Found a faded altar to an unknown god.
  1278 | D:2      | Found a burning altar of Makhleb.
  1745 | D:2      | Noticed an Executioner
  1751 | D:2      | Noticed a neqoxec
  1751 | D:2      | Noticed a smoke demon
  2066 | D:3      | Noticed Robin
  2069 | D:3      | Reached XP level 4. HP: 39/40 MP: 3/3
  2085 | D:3      | Killed Robin
  2126 | D:3      | Reached skill level 1 in Dodging
  2263 | D:3      | Reached skill level 1 in Throwing
  2263 | D:3      | Reached skill level 5 in Shields
  2271 | D:3      | Reached XP level 5. HP: 27/46 MP: 4/4
  2796 | D:4      | Noticed an ogre
  2806 | D:4      | Killed an ogre
  2806 | D:4      | Reached XP level 6. HP: 53/53 MP: 5/5
  2852 | D:4      | Noticed Natasha
  2856 | D:4      | Killed Natasha
  3114 | D:4      | Noticed a slave
  3115 | D:4      | Noticed a slave
  3119 | D:4      | Noticed a slave
  3129 | D:4      | Killed a slave
  3132 | D:4      | Noticed Pikel
  3132 | D:4      | Noticed a slave
  3155 | D:4      | Killed Pikel
  3155 | D:4      | Reached skill level 5 in Fighting
  3155 | D:4      | Reached skill level 5 in Armour
  3155 | D:4      | Reached XP level 7. HP: 12/61 MP: 6/6
  3196 | D:4      | Noticed Natasha
  3212 | D:4      | Killed Natasha
  3591 | D:4      | Found Tymap's Food Shoppe.
  3591 | D:4      | Noticed a hungry ghost
  3591 | D:4      | Noticed Natasha
  3620 | D:4      | Killed a hungry ghost
  3620 | D:4      | Reached skill level 6 in Armour
  3623 | D:4      | Killed Natasha
  3623 | D:4      | Reached XP level 8. HP: 63/69 MP: 7/7
  3654 | D:4      | Found an opulent altar of Gozag.
  3675 | D:4      | Bought a bread ration for 60 gold pieces
  3773 | D:4      | Bought a slice of pizza for 18 gold pieces
  3773 | D:4      | Bought a slice of pizza for 18 gold pieces
  3773 | D:4      | Bought a beef jerky for 18 gold pieces
  3811 | D:5      | Entered Level 5 of the Dungeon
  3921 | D:5      | Found Fecuefy's Food Emporium.
  4764 | D:6      | Reached skill level 7 in Armour
  4939 | D:6      | Reached skill level 1 in Stealth
  5040 | D:6      | Found a staircase to the Ecumenical Temple.
  5216 | D:6      | Reached skill level 5 in Axes
  5970 | D:7      | Reached XP level 9. HP: 33/79 MP: 8/8
  6264 | D:7      | Noticed magog001's ghost (novice HaHu)
  6464 | D:8      | Reached skill level 8 in Armour
  7597 | D:7      | Killed magog001's ghost
  7597 | D:7      | Reached skill level 1 in Maces & Flails
  7597 | D:7      | Reached skill level 9 in Armour
  8052 | D:7      | Found a sacrificial altar of Ru.
  8054 | D:7      | Found a burning altar of Makhleb.
  8083 | D:7      | Found a shattered altar of Ashenzari.
  8086 | D:7      | Found a basalt altar of Yredelemnul.
  8090 | D:7      | Found a blossoming altar of Fedhas.
  8317 | D:7      | Found an oddly glowing altar of Pakellas.
  8508 | D:8      | Found a shadowy altar of Dithmenos.
  8511 | D:8      | Reached skill level 10 in Armour
  8546 | D:8      | Noticed Erica
  8556 | D:8      | HP: 4/81 [something/orb of energy (17)]
  8559 | D:8      | Mangled by Erica

Skill      XL: |  1  2  3  4  5  6  7  8  9 |
---------------+----------------------------+-----
Shields        | 4 5 6 7 8 |  8.9
Armour         | 4 5 6 7 10 | 10.0
Fighting       | 4 5 7 8 |  8.1
Dodging        | 1 2 3 |  3.7
Throwing       | 1 2 3 4 |  4.2
Axes           | 3 4 5 |  5.5
Stealth        | 1 |  1.9
Maces & Flails | 1 |  1.7
Evocations     | |  0.1

Action                   |  1- 3 |  4- 6 |  7- 9 || total
-------------------------+-------+-------+-------++-------
Melee: War axe           |   110 |   117 |   189 ||   416
       Headbutt          |    11 |    24 |    64 ||    99
       Flail             |       |       |   192 ||   192
Throw: Stone             |       |       |     3 ||     3
Evoke: Wand              |       |       |     1 ||     1
  Use: Potion            |     1 |     2 |     4 ||     7
       Scroll            |       |    10 |    11 ||    21
 Stab: Paralysed         |       |       |     6 ||     6
  Eat: Chunk             |     3 |     4 |     9 ||    16
       Bread ration      |       |       |     2 ||     2
       Beef jerky        |       |       |     1 ||     1
       Pizza             |       |       |     2 ||     2
       Meat ration       |       |       |     1 ||     1
Armor: Scale mail        |    58 |    55 |    41 ||   154
       Chain mail        |       |       |    25 ||    25
       Plate armour      |       |       |   194 ||   194
Dodge: Dodged            |    37 |    53 |    85 ||   175
Block: Shield            |    72 |    73 |   233 ||   378
